 Dungeon Crawl Stone Soup version 0.26-a0-542-gbaa144ba5c (webtiles) character file.

Game seed: 6484256320179648273

18 MrRokkomies the Stinger (level 2, -4/16 HPs)
             Began as a Tengu Venom Mage on Aug 18, 2020.
             Slain by a kobold
             ... wielding a +2 whip of electrocution
              (18 damage)
             ... on level 1 of the Dungeon.
             The game lasted 00:01:22 (1026 turns).

MrRokkomies the Stinger (Tengu Venom Mage)          Turns: 1026, Time: 00:01:24

Health: -4/16      AC:  2    Str:  8    XL:     2   Next: 70%
Magic:  6/6        EV: 13    Int: 15    God:
Gold:   57         SH:  0    Dex: 14    Spells: 2/5 levels left

rFire    . . .     SeeInvis .   e - +0 short sword
rCold    . . .     Faith    .   (no shield)
rNeg     . . .     Spirit   .   a - +0 robe
rPois    .         Reflect  .   (helmet restricted)
rElec    .         Harm     .   (no cloak)
rCorr    .                      (no gloves)
MR       .....                  (boots unavailable)
Stlth    ++........             (no amulet)
HPRegen  0.05/turn              (no ring)
MPRegen  0.10/turn              (no ring)

@: no status effects
A: beak, talons 3
a: no special abilities


You were on level 1 of the Dungeon.
You visited 1 branch of the dungeon, and saw 1 of its levels.

You collected 57 gold pieces.

Inventory:

Hand Weapons
 e - a +0 short sword (weapon)
Missiles
 b - 11 sling bullets
Armour
 a - a +0 robe (worn)
Potions
 c - a potion of lignification {unknown}
 d - a potion of curing {unknown}
 f - a potion of brilliance {unknown}
 g - a potion of magic {unknown}


   Skills:
 + Level 0.7 Fighting
 * Level 2.6 Dodging
 - Level 2.0 Stealth
 + Level 2.1 Spellcasting
 - Level 0.7 Transmutations
 * Level 3.3 Poison Magic


You had 2 spell levels left.
You knew the following spells:

 Your Spells              Type           Power        Failure   Level
a - Sting                 Tmut/Pois      #...         10%         1
b - Poisonous Vapours     Pois/Air       #.....       17%         2

Your spell library contained the following spells:

 Spells                   Type           Power        Failure   Level
 Ignite Poison            Fire/Tmut/Pois #.......     36%         3
 Mephitic Cloud           Conj/Pois/Air  #.......     38%         3
 Olgreb's Toxic Radiance  Pois           ##......     50%         4


Dungeon Overview and Level Annotations

Branches:
Dungeon (1/15)

Altars:


Innate Abilities, Weirdness & Mutations

You have a beak for a mouth.
You have claws for feet.


Message History

A kobold is nearby!
The kobold shouts!
You hit the kobold but do no damage. Your kick misses the kobold.
The kobold closely misses you.
You hit the kobold. Your peck misses the kobold.
The kobold is moderately wounded.
The kobold closely misses you.
You hit the kobold.
The kobold is severely wounded.
The kobold barely misses you. The kobold closely misses you.
You hit the kobold but do no damage.
The kobold is severely wounded.
The kobold barely misses you.
You hit the kobold but do no damage. You claw the kobold, but do no damage.
Your peck misses the kobold.
The kobold is severely wounded.
The kobold hits you with a +2 whip of electrocution.
You are electrocuted!!
Ouch! That really hurt!
You die...

############
#..........# ......
+..........+
......#######...@K.....#
.............###########
#>.....................
#...........###......#
#..........†# #......#
##...........###......#
#.....................#
#.......###..........##
#.......# #..........#


You could see a kobold.

Vanquished Creatures
  A goblin (D:1)
  4 hobgoblins (D:1)
  4 jackals (D:1)
  3 kobolds (D:1)
  A bat (D:1)
  2 frilled lizards (D:1)
  2 rats (D:1)
17 creatures vanquished.

Notes
Turn   | Place    | Note
-------+----------+-------------------------------------------
     0 | D:1      | MrRokkomies the Tengu Venom Mage began the quest for the
                  | Orb.
     0 | D:1      | Reached XP level 1. HP: 10/10 MP: 4/4
   427 | D:1      | Reached XP level 2. HP: 15/15 MP: 6/6
   448 | D:1      | Learned a level 2 spell: Poisonous Vapours
  1026 | D:1      | Slain by a kobold

Illustrated notes

Levels and vault maps discovered:
D:1:      dpeg_arrival_tiny_c, layout_basic, roderic_serpentine_path

Action                   || total
-------------------------++-------
Melee: Unarmed           ||    52
       Kick              ||    14
       Short sword       ||     5
       Peck              ||     4
 Cast: Sting             ||    11
 Stab: Sleeping          ||     4
Armor: Robe              ||     6
Dodge: Dodged            ||    50

Table legend: (Time is in decaauts)
 A = Elapsed time spent in this place.
 B = Non-inter-level travel time spent in this place.
 C = Inter-level travel time spent in this place.
 D = Time resting spent in this place.
 E = Time spent auto-exploring this place.
 F = Levels seen in this place.
 G = Mean time per level.
                   A        B        C        D        E       F      G
               +--------+--------+--------+--------+--------+-----+--------+
         Total |   1025 |   1025 |      0 |    188 |    656 |   1 | 1025.0 |
       Dungeon |   1025 |   1025 |      0 |    188 |    656 |   1 | 1025.0 |
               +--------+--------+--------+--------+--------+-----+--------+

Top non-repeatable levels by time:
     D:1: 1025 daAuts
